 Dungeon Crawl Stone Soup version 0.27.1-33-g824d729ab1 (webtiles) character file.

Game seed: 14509805094623951469

170 safid the Chopper (level 5, -17/46 HPs)
             Began as a Hill Orc Fighter on Dec 31, 2021.
             Demolished by an ogre (24 damage)
             ... on level 4 of the Dungeon.
             The game lasted 00:07:06 (4198 turns).

safid the Chopper (Hill Orc Fighter)                Turns: 4198, Time: 00:07:06

Health: -17/46     AC:  7    Str: 20    XL:     5   Next: 50%
Magic:  5/5        EV:  7    Int:  8    God:
Gold:   147        SH:  9    Dex: 10    Spells: 4/4 levels left

rFire    . . .     SeeInvis .   a - +0 war axe
rCold    . . .     Faith    .   c - +0 kite shield
rNeg     . . .     Spirit   .   b - +0 scale mail
rPois    .         Reflect  .   (no helmet)
rElec    .         Harm     .   (no cloak)
rCorr    .         Rampage  .   (no gloves)
Will     .....                  (no boots)
Stlth    ..........             (no amulet)
HPRegen  0.15/turn              (no ring)
MPRegen  0.09/turn              (no ring)

@: no status effects
A: no striking features
a: no special abilities


You were on level 4 of the Dungeon.
You visited 1 branch of the dungeon, and saw 4 of its levels.

You collected 147 gold pieces.

Inventory:

Hand Weapons
 a - a +0 war axe (weapon)
Missiles
 f - 31 poisoned darts (quivered)
Armour
 b - a +0 scale mail (worn)
 c - a +0 kite shield (worn)
Wands
 s - a wand of flame (16)
Scrolls
 e - a scroll of acquirement {unknown}
 j - a scroll of amnesia {unknown}
 k - a scroll of teleportation {unknown}
 l - a scroll of blinking {unknown}
 n - a scroll of noise {unknown}
Potions
 d - 2 potions of might
 g - 3 potions of brilliance {unknown}
 h - 4 potions of curing {unknown}
 i - a potion of cancellation {unknown}
 m - a potion of lignification {unknown}
 o - 3 potions of degeneration {unknown}
 p - a potion of attraction {unknown}
 q - a potion of flight {unknown}
 r - a potion of invisibility {unknown}
 t - a potion of heal wounds {unknown}


   Skills:
 - Level 4.0 Fighting
 + Level 5.0 Axes
 - Level 4.0 Armour
 + Level 4.8 Shields


You had 4 spell levels left.
You didn't know any spells.
Your spell library contained the following spells:

 Spells                   Type           Power      Damage    Failure   Level
 Gell's Gravitas          Tloc           0%         N/A       100%        3
 Lesser Beckoning         Tloc           0%         N/A       100%        3
 Teleport Other           Tloc           0%         N/A       100%        3


Dungeon Overview and Level Annotations

Branches:
Dungeon (4/15)
 Temple: D:4-7

Altars:
Vehumet
Wu Jian

Shops:
D:1 ?![?   D:2 *


Message History

Found an escape hatch in the floor.
t - a coppery potion You hear the slow rusting of a very distant drain.
You open the door.
There is an open door here.
Found 6 gold pieces.
You now have 147 gold pieces (gained 6).
Found a knobbly runed staff.
You see here a staff of air.
You hear the slow rusting of a drain nearby.
Found a whip.
Found a stone staircase leading up.
An ogre comes into view. It is wielding a +0 giant club.
The ogre shouts!
Found a stone staircase leading down.
Throw: 33 darts (poison)
Press: ? - help, Q - select action, (/) - cycle Shift-Dir - straight line, f - ogre
Aim: an ogre, wielding a +0 giant club (73% to hit)
You throw a poisoned dart. The poisoned dart hits the ogre.
Unknown command.
Throw: 32 darts (poison)
Press: ? - help, Q - select action, (/) - cycle Shift-Dir - straight line, f/p - ogre
Aim: an ogre, wielding a +0 giant club (73% to hit)
You throw a poisoned dart. The poisoned dart hits the ogre.
The ogre hits you with a +0 giant club!!
Ouch! That really hurt!
You hit the ogre.
The ogre is lightly wounded.
The ogre hits you with a +0 giant club!
* * * LOW HITPOINT WARNING * * *
Unknown command.
You hit the ogre but do no damage.
The ogre is lightly wounded.
You block the ogre's attack.
Unknown command.
You barely miss the ogre.
The ogre is lightly wounded.
The ogre hits you with a +0 giant club!!
Ouch! That really hurt!
You die...

#... #... #... . #####
.. #....
..>#################....
.....<..................
......).................
.......@................
.......O............####
##+#....#############
#...(# #....# #....#
#....# ######


You could see an ogre.

Vanquished Creatures
  A centaur skeleton (D:3)
  4 gnolls (D:2)
  2 adders (D:2)
  3 worms
  3 dart slugs
  3 orcs (D:3)
  3 ball pythons
  7 endoplasms
  3 giant cockroaches
  4 goblins
  7 hobgoblins
  6 quokkas
  4 bats
  3 frilled lizards
  6 kobolds
  8 rats (D:1)
67 creatures vanquished.

Notes
Turn   | Place    | Note
-------+----------+-------------------------------------------
     0 | D:1      | safid the Hill Orc Fighter began the quest for the Orb.
     0 | D:1      | Reached XP level 1. HP: 19/19 MP: 1/1
   162 | D:1      | Found a faded altar of an unknown god.
   167 | D:1      | Found Sitorgh's Distillery.
   211 | D:1      | Reached XP level 2. HP: 26/26 MP: 2/2
   214 | D:1      | Found Peix's Magic Scroll Shop.
   219 | D:1      | Reached skill level 3 in Axes
   343 | D:1      | Found Ijaceges's Antique Armour Emporium.
   358 | D:1      | Found Jorghula's Magic Scroll Emporium.
   947 | D:2      | Found an ornate altar of the Wu Jian Council.
   958 | D:2      | Reached XP level 3. HP: 25/33 MP: 3/3
  1152 | D:2      | Found Guiry's General Store.
  1683 | D:2      | Reached XP level 4. HP: 31/40 MP: 4/4
  1813 | D:2      | Reached skill level 4 in Axes
  2999 | D:3      | Reached XP level 5. HP: 35/46 MP: 5/5
  3503 | D:3      | Found a radiant altar of Vehumet.
  3725 | D:3      | Reached skill level 5 in Axes
  4190 | D:4      | Noticed an ogre
  4198 | D:4      | Demolished by an ogre

Illustrated notes

Levels and vault maps discovered:
D:1:      dpeg_arrival_ratfight, layout_loops_ring, serial_forest,
          infiniplex_forest_lined_room_3, infiniplex_forest_clump_double,
          infiniplex_forest_end_1, infiniplex_forest_3_way,
          infiniplex_forest_end_2, infiniplex_forest_clump_double,
          infiniplex_forest_end_3, ebering_ecumenical_altar_ruins, serial_shops,
          nicolae_diamond_shop, shop_statue,
          nicolae_shop_temple_entry_statues_fountains, shop
D:2:      layout_basic, basic_altar, serial_shops, shop
D:3:      minmay_door_path, layout_basic, vehumet_altar_wand_db,
          small_statue_intersection, minmay_large_rounded_square, minmay_cut_off
D:4:      minmay_bubble_buster, layout_gridville, portal_sewer_entry_b,
          minmay_surrounded

Skill      XL: |  1  2  3  4  5 |
---------------+----------------+-----
Axes           | 3 4 5 |  5.0
Fighting       | 4 |  4.0
Armour         | 4 |  4.0
Shields        | 4 |  4.8

Action                   |  1- 3 |  4- 6 || total
-------------------------+-------+-------++-------
Melee: War axe           |    86 |   113 ||   199
Throw: Dart              |       |     9 ||     9
Armor: Scale mail        |    41 |    49 ||    90
Dodge: Dodged            |    35 |    54 ||    89
Block: Kite shield       |    45 |    58 ||   103
